[Event "International chess holiday K31"]
[Site "?"]
[Date "2018.07.29"]
[Round "2"]
[White "Hadzala, Daniel"]
[Black "Nelson, Wayne"]
[Result "1/2-1/2"]
[ECO "A07"]
[WhiteElo "2104"]
[BlackElo "2009"]
[Annotator "Koller,Martin"]
[PlyCount "28"]
[TimeControl "240+2"]

{279MB} 1. Nf3 d5 2. g3 g6 3. Bg2 Bg7 4. O-O Nf6 5. d3 O-O 6. c3 Re8 7. Nbd2 e5
8. Qc2 c5 9. e4 d4 10. c4 Nc6 11. h3 Bd7 12. Kh2 Qc7 13. Nh4 Rf8 14. Ndf3 Nh5
1/2-1/2

[Event "International chess holiday K31"]
[Site "?"]
[Date "2018.07.29"]
[Round "2"]
[White "Vit , Zdenek"]
[Black "Reljic, Michael"]
[Result "1-0"]
[ECO "C56"]
[WhiteElo "1705"]
[BlackElo "1866"]
[Annotator "Koller,Martin"]
[PlyCount "27"]
[TimeControl "240+2"]

{279MB} 1. e4 e5 2. Nf3 Nc6 3. Bc4 Nf6 4. d4 Nxe4 5. dxe5 Be7 6. Qd5 O-O 7.
Qxe4 d6 8. O-O dxe5 9. Nc3 Kh8 10. Nxe5 Nxe5 11. Qxe5 f5 12. Bf4 Bd6 13. Qd4
Rf6 14. Rad1 1-0

[Event "International chess holiday K31"]
[Site "?"]
[Date "2018.07.29"]
[Round "2"]
[White "Hapke, Ralf"]
[Black "Pokorny, Jan"]
[Result "1-0"]
[ECO "B07"]
[WhiteElo "1852"]
[BlackElo "1879"]
[Annotator "Koller,Martin"]
[PlyCount "55"]
[TimeControl "240+2"]

{279MB} 1. e4 d6 2. d4 Nf6 3. Nc3 g6 4. Be3 Bg7 5. Qd2 O-O 6. f3 b6 7. O-O-O
Bb7 8. Bh6 Nbd7 9. h4 e6 10. Nce2 c5 11. h5 cxd4 12. hxg6 fxg6 13. Bxg7 Kxg7
14. Nxd4 Qe7 15. Qh6+ Kg8 16. Nh3 Ne5 17. Ng5 Nf7 18. Nxf7 Rxf7 19. Bc4 d5 20.
exd5 Bxd5 21. Bxd5 Nxd5 22. Rhe1 Nc7 23. Nc6 Qf6 24. Ne5 Qf4+ 25. Qxf4 Rxf4 26.
Rd7 Nd5 27. Ng4 Rf7 28. Nh6+ 1-0

[Event "International chess holiday K31"]
[Site "?"]
[Date "2018.07.29"]
[Round "2"]
[White "Koper, Stefan"]
[Black "Spindler, Markus"]
[Result "1/2-1/2"]
[ECO "A84"]
[WhiteElo "1830"]
[BlackElo "1973"]
[Annotator "Koller,Martin"]
[PlyCount "70"]
[TimeControl "240+2"]

{279MB} 1. d4 d5 2. c4 e6 3. cxd5 exd5 4. Nc3 f5 5. Nf3 Nf6 6. Bg5 Be7 7. e3
O-O 8. Ne5 c6 9. f4 Nbd7 10. Be2 Ne4 11. Bxe7 Qxe7 12. O-O Ndf6 13. Bf3 Be6 14.
Rc1 Kh8 15. g3 g6 16. Kg2 Qg7 17. h4 h6 18. Rh1 h5 19. b4 a6 20. a4 Nd6 21. Qb3
Nc4 22. Nb1 Rfc8 23. Rhd1 Kh7 24. Nd2 b5 25. a5 Ng4 26. Nf1 Qe7 27. Be2 Kg7 28.
Qc3 Kh7 29. Re1 Bf7 30. Bxg4 fxg4 31. Nd2 Be6 32. Nb3 Bf5 33. Nc5 Nd6 34. Kg1
Rc7 35. Qd2 Qe8 1/2-1/2

[Event "International chess holiday K31"]
[Site "?"]
[Date "2018.07.29"]
[Round "2"]
[White "Hejsek, Lukas"]
[Black "Skopec, Lubos"]
[Result "1-0"]
[ECO "E08"]
[WhiteElo "1704"]
[BlackElo "1981"]
[Annotator "Koller,Martin"]
[PlyCount "89"]
[TimeControl "240+2"]

{279MB} 1. d4 Nf6 2. c4 e6 3. g3 d5 4. Bg2 Be7 5. Nf3 O-O 6. O-O Nbd7 7. Qc2 c6
8. b3 b6 9. Nc3 Bb7 10. e4 c5 11. exd5 exd5 12. Rd1 Rc8 13. Bb2 Ba8 14. dxc5
dxc4 15. b4 bxc5 16. b5 Qc7 17. Ng5 Bxg2 18. Kxg2 Qb7+ 19. Nd5 Rfe8 20. Kg1 Nf8
21. Nxe7+ Rxe7 22. Qxc4 h6 23. Nh3 Re4 24. Qf1 c4 25. Bxf6 gxf6 26. a4 Ng6 27.
Re1 Rce8 28. Rxe4 Qxe4 29. Rc1 Ne5 30. Qg2 Nf3+ 31. Kh1 Qe1+ 32. Qf1 Qd2 33.
Qxc4 Re2 34. Rf1 Ne1 35. Qg4+ Kf8 36. Qf4 Qd5+ 37. f3 Qa2 38. Qb4+ Kg8 39. Qg4+
Kh8 40. Qc8+ Kg7 41. Qg4+ Kf8 42. Qb4+ Ke8 43. Rxe1 Qe6 44. Rxe2 Qxe2 45. Qe4+
1-0

[Event "International chess holiday M31"]
[Site "?"]
[Date "2018.07.30"]
[Round "3"]
[White "Gunther, Andreas"]
[Black "Michalek, Frantisek"]
[Result "1/2-1/2"]
[ECO "D45"]
[WhiteElo "2138"]
[BlackElo "2023"]
[Annotator "Koller,Martin"]
[PlyCount "42"]
[TimeControl "240+2"]

{279MB} 1. d4 d5 2. Nf3 Nf6 3. c4 e6 4. Nc3 Be7 5. e3 c6 6. Bd3 dxc4 7. Bxc4 b5
8. Bd3 a6 9. O-O O-O 10. Qe2 Nbd7 11. Rd1 Qc7 12. e4 e5 13. Bg5 exd4 14. Nxd4
Ne5 15. Bf4 Bg4 16. f3 Bc5 17. Be3 Qb6 18. Nc2 Be6 19. b4 Bxe3+ 20. Qxe3 Qxe3+
21. Nxe3 a5 1/2-1/2

[Event "International chess holiday M31"]
[Site "?"]
[Date "2018.07.30"]
[Round "3"]
[White "Hentzgen, Thomas"]
[Black "Zajicek, Karel"]
[Result "1/2-1/2"]
[ECO "D88"]
[WhiteElo "2028"]
[BlackElo "1979"]
[Annotator "Koller,Martin"]
[PlyCount "56"]
[TimeControl "240+2"]

{279MB} 1. d4 Nf6 2. c4 g6 3. Nc3 d5 4. cxd5 Nxd5 5. e4 Nxc3 6. bxc3 Bg7 7. Be3
c5 8. Qd2 cxd4 9. cxd4 O-O 10. Bc4 Nc6 11. Ne2 Na5 12. Bd3 b6 13. O-O e5 14. d5
Nb7 15. Rac1 Nd6 16. Bh6 f5 17. Bxg7 Kxg7 18. Qb2 fxe4 19. Qxe5+ Qf6 20. Rc7+
Rf7 21. Qxf6+ Kxf6 22. Rxf7+ Kxf7 23. Bb1 Ba6 24. Re1 Bxe2 25. Rxe2 Rc8 26. Re1
Rc5 27. g3 Rxd5 28. Bxe4 Nxe4 1/2-1/2

[Event "International chess holiday M31"]
[Site "?"]
[Date "2018.07.30"]
[Round "3"]
[White "Thomasson, Staffan"]
[Black "Chudinovkikh, Alexander"]
[Result "0-1"]
[ECO "A32"]
[WhiteElo "1868"]
[BlackElo "2237"]
[Annotator "Koller,Martin"]
[PlyCount "62"]
[TimeControl "240+2"]

{279MB} 1. c4 c5 2. Nf3 Nf6 3. d4 cxd4 4. Nxd4 e6 5. Nc3 Bb4 6. Bf4 O-O 7. Ndb5
d5 8. a3 Bxc3+ 9. Nxc3 d4 10. Nb5 Nc6 11. Bd6 Re8 12. Qa4 Ne4 13. c5 Qf6 14. f3
Nxd6 15. Nxd6 Rd8 16. O-O-O Qg5+ 17. Kb1 Qxc5 18. Ne4 Qe7 19. h4 f5 20. Nf2 e5
21. g4 Rb8 22. gxf5 Bxf5+ 23. Ka1 b5 24. Qb3+ Be6 25. Qc2 Na5 26. Bh3 b4 27.
Bxe6+ Qxe6 28. a4 b3 29. Qe4 Qe8 30. Rhg1 Nc4 31. Kb1 Qxa4 0-1

[Event "International chess holiday M31"]
[Site "?"]
[Date "2018.07.30"]
[Round "3"]
[White "Knechtel, Roland"]
[Black "Ramanna, Jayaram"]
[Result "1-0"]
[ECO "D70"]
[WhiteElo "2237"]
[BlackElo "1984"]
[Annotator "Koller,Martin"]
[PlyCount "98"]
[TimeControl "240+2"]

{279MB} 1. d4 Nf6 2. Nf3 g6 3. c4 d5 4. cxd5 Nxd5 5. e4 Nb6 6. Nc3 Bg7 7. h3
O-O 8. Be3 c6 9. Qd2 Be6 10. b3 a5 11. Rb1 Na6 12. Be2 f5 13. Ng5 Bc8 14. e5 e6
15. h4 h5 16. Nh3 Nb4 17. Nf4 Qe8 18. Rh3 N4d5 19. Ncxd5 Nxd5 20. Nxd5 exd5 21.
Bh6 Kh7 22. Bxg7 Kxg7 23. Qf4 Be6 24. Rg3 Kh7 25. Rc1 Qf7 26. a4 Rg8 27. Rg5
Rg7 28. Rc3 Kh8 29. Rcg3 Rag8 30. Qd2 b6 31. Qc1 Bd7 32. Rc3 Qe6 33. Qf4 Re8
34. Rcg3 Ree7 35. Re3 Be8 36. Rgg3 Kh7 37. Rg5 Rc7 38. Bd3 Rcf7 39. Rf3 Bd7 40.
Re3 Kh8 41. Re2 Re7 42. f3 Bc8 43. g4 fxg4 44. fxg4 Ref7 45. Qc1 Rf3 46. Qc2
Qf7 47. Rf2 Qf4 48. Rxf3 Qxf3 49. gxh5 Qe3+ 1-0

[Event "International chess holiday M31"]
[Site "?"]
[Date "2018.07.30"]
[Round "3"]
[White "Hartwig, Maik"]
[Black "Schafer, Sven"]
[Result "1/2-1/2"]
[ECO "E92"]
[WhiteElo "2092"]
[BlackElo "2008"]
[Annotator "Koller,Martin"]
[PlyCount "82"]
[TimeControl "240+2"]

{279MB} 1. d4 Nf6 2. c4 g6 3. Nc3 Bg7 4. e4 d6 5. h3 O-O 6. Nf3 e5 7. d5 a5 8.
Be3 Na6 9. Be2 Bd7 10. Nd2 c6 11. a3 cxd5 12. cxd5 Nc5 13. b4 axb4 14. axb4 Na6
15. Qb3 Ne8 16. O-O f5 17. f3 Bf6 18. Nc4 f4 19. Bb6 Qe7 20. Bf2 Rb8 21. Nb6
Nac7 22. Rfc1 g5 23. b5 h5 24. Nxd7 Qxd7 25. b6 Na8 26. Bb5 Qg7 27. Bxe8 Rfxe8
28. Nb5 Qd7 29. Nc7 Rec8 30. Rxa8 Rxa8 31. Nxa8 Rxa8 32. Rc7 Qd8 33. Rxb7 g4
34. fxg4 hxg4 35. hxg4 Bh4 36. Qh3 Ra1+ 37. Kh2 Bg3+ 38. Bxg3 fxg3+ 39. Qxg3
Qg5 40. Qf3 Qh6+ 41. Kg3 Ra3 1/2-1/2

[Event "International chess holiday K31"]
[Site "?"]
[Date "2018.07.30"]
[Round "3"]
[White "Reljic, Michael"]
[Black "Hapke, Ralf"]
[Result "1/2-1/2"]
[ECO "B02"]
[WhiteElo "1866"]
[BlackElo "1852"]
[Annotator "Koller,Martin"]
[PlyCount "39"]
[TimeControl "240+2"]

{279MB} 1. e4 d5 2. exd5 Nf6 3. Nc3 Nxd5 4. Nxd5 Qxd5 5. d4 Nc6 6. Nf3 Bg4 7.
Be2 e6 8. O-O Be7 9. c4 Qd7 10. Bf4 O-O 11. Ne5 Nxe5 12. Bxe5 Bxe2 13. Qxe2 Bd6
14. Rfd1 Qe7 15. Rd3 Rad8 16. Rad1 h6 17. Bg3 Bxg3 18. hxg3 Rfe8 19. Qe4 b6 20.
a3 1/2-1/2

[Event "International chess holiday K31"]
[Site "?"]
[Date "2018.07.30"]
[Round "3"]
[White "Nelson, Wayne"]
[Black "Vit, Zdenek"]
[Result "1-0"]
[ECO "D03"]
[WhiteElo "2009"]
[BlackElo "1705"]
[Annotator "Koller,Martin"]
[PlyCount "35"]
[TimeControl "240+2"]

{279MB} 1. d4 Nf6 2. Bg5 e6 3. Nf3 d5 4. e3 c5 5. c3 Nc6 6. Bd3 Bd6 7. Nbd2 O-O
8. O-O Re8 9. Re1 h6 10. Bh4 b6 11. e4 Be7 12. e5 Nd7 13. Bxe7 Qxe7 14. Nf1
cxd4 15. cxd4 Nb4 16. Bb1 a5 17. a3 Nc6 18. Qc2 1-0

[Event "International chess holiday K31"]
[Site "?"]
[Date "2018.07.30"]
[Round "3"]
[White "Skopec, Lubos"]
[Black "Hadzala, Daniel"]
[Result "0-1"]
[ECO "B07"]
[WhiteElo "1981"]
[BlackElo "2104"]
[Annotator "Koller,Martin"]
[PlyCount "100"]
[TimeControl "240+2"]

{279MB} 1. e4 d6 2. d4 Nf6 3. Nc3 c6 4. f4 Qa5 5. Bd2 Qc7 6. Nf3 Bg4 7. h3 Bxf3
8. Qxf3 e5 9. dxe5 dxe5 10. fxe5 Qxe5 11. O-O-O Bd6 12. g4 h6 13. Bc4 Nbd7 14.
Rhf1 b5 15. Bb3 Nc5 16. Be3 Nxb3+ 17. axb3 Qg3 18. Bd4 Qxf3 19. Rxf3 Be7 20. e5
Nh7 21. Ne4 Ng5 22. Nxg5 Bxg5+ 23. Kb1 Rd8 24. Rfd3 a6 25. Bc5 Rxd3 26. Rxd3
Be7 27. b4 h5 28. Ra3 hxg4 29. hxg4 Rh1+ 30. Ka2 Bxc5 31. bxc5 Rg1 32. Rxa6 Kd7
33. Ra7+ Ke6 34. Rc7 Rxg4 35. b3 g5 36. Kb2 b4 37. Rxc6+ Kxe5 38. Rd6 Rg3 39.
Rd7 f5 40. c6 Rc3 41. c7 f4 42. Kc1 g4 43. Kd2 g3 44. Rg7 Ke4 45. Re7+ Kf3 46.
Rd7 Kf2 47. Rd4 g2 48. Rxf4+ Kg3 49. Rc4 g1=Q 50. c8=Q Qf2+ 0-1

[Event "International chess holiday K31"]
[Site "?"]
[Date "2018.07.30"]
[Round "3"]
[White "Spindler, Markus"]
[Black "Hejsek, Lukas"]
[Result "1-0"]
[ECO "B06"]
[WhiteElo "1973"]
[BlackElo "1704"]
[Annotator "Koller,Martin"]
[PlyCount "73"]
[TimeControl "240+2"]

{279MB} 1. e4 c5 2. c3 d5 3. exd5 Qxd5 4. d4 g6 5. Nf3 Bg7 6. Bb5+ Nc6 7. Be3
cxd4 8. Bxc6+ bxc6 9. Bxd4 Nf6 10. O-O O-O 11. Nbd2 Bf5 12. Re1 c5 13. c4 Qd6
14. Be5 Qb6 15. Qb3 Rfe8 16. h3 h6 17. Re3 Nd7 18. Bxg7 Kxg7 19. Rae1 Rab8 20.
Qc3+ Qf6 21. b3 Qxc3 22. Rxc3 a5 23. g4 Be6 24. Ne5 Nxe5 25. Rxe5 h5 26. gxh5
Rbd8 27. Ne4 Rh8 28. Nxc5 Bf5 29. hxg6 Bxh3 30. Rd3 Rc8 31. Ne4 Rc6 32. Rg3 a4
33. gxf7+ Kxf7 34. Rd5 Bc8 35. Ng5+ Kf6 36. Ne4+ Ke6 37. Rg6+ 1-0

[Event "International chess holiday K31"]
[Site "?"]
[Date "2018.07.30"]
[Round "3"]
[White "Pokorny, Jan"]
[Black "Koper, Stefan"]
[Result "0-1"]
[ECO "D35"]
[WhiteElo "1879"]
[BlackElo "1830"]
[Annotator "Koller,Martin"]
[PlyCount "118"]
[TimeControl "240+2"]

{279MB} 1. d4 Nf6 2. c4 e6 3. Nc3 d5 4. e3 c5 5. cxd5 exd5 6. Bb5+ Nc6 7. dxc5
Bxc5 8. Nge2 O-O 9. O-O Bg4 10. Qa4 Bd7 11. Qh4 a6 12. Ba4 Ne7 13. Bxd7 Qxd7
14. Nd4 Ng6 15. Qg5 Ba7 16. Rd1 Rad8 17. b3 Rfe8 18. Qf5 Qc7 19. Bb2 Re5 20.
Qc2 Rh5 21. h3 Bb8 22. Nf3 Nh4 23. Qe2 Nxf3+ 24. Qxf3 Qh2+ 25. Kf1 h6 26. Rd3
Rg5 27. Rad1 Be5 28. Ba3 Bxc3 29. Rxc3 Re8 30. g4 h5 31. Ke2 hxg4 32. hxg4 Nxg4
33. Rh1 Qe5 34. Rd3 Qe6 35. Rd4 Nh6 36. Qh3 Rf5 37. Qg3 Rf6 38. Bb2 Rg6 39. Qh3
Qc6 40. Rc1 Qb5+ 41. Kd2 Qa5+ 42. Rc3 Qxa2 43. Kc2 Rc6 44. Rxd5 Rxc3+ 45. Kxc3
Qb1 46. Qd7 Re6 47. Rc5 Qe1+ 48. Qd2 Qxd2+ 49. Kxd2 Rb6 50. Rc3 f6 51. Ba3 Ng4
52. Ke2 Rb5 53. Bd6 Kf7 54. b4 Ke6 55. Bf8 g5 56. f3 Ne5 57. Rc7 Nc6 58. f4
gxf4 59. exf4 Nxb4 0-1

[Event "International chess holiday M31"]
[Site "?"]
[Date "2018.07.31"]
[Round "4"]
[White "Chudinovskikh, Alexander"]
[Black "Hentzgen, Thomas"]
[Result "1/2-1/2"]
[ECO "B30"]
[WhiteElo "2237"]
[BlackElo "2028"]
[Annotator "Koller,Martin"]
[PlyCount "51"]
[TimeControl "240+2"]

{279MB} 1. e4 c5 2. Nf3 Nc6 3. Bb5 e6 4. O-O Nge7 5. Re1 Nd4
6. Nxd4 cxd4 7. c3 a6 8. Ba4 b5 9. Bb3 Nc6 10. a4 b4 11. d3 Bc5 12. cxb4 Bxb4
13. Bd2 Qa5 14. Re2 Ne5 15. Na3 O-O 16. Rc1 Bb7 17. f4 Nxd3 18. Bxb4 Nxb4 19.
Qxd4 d5 20. e5 Rac8 21. Ree1 h6 22. h3 Nc6 23. Qf2 Qb4 24. Bd1 Nd4 25. Rxc8
Rxc8 26. Nb1 1/2-1/2

[Event "International chess holiday M31"]
[Site "?"]
[Date "2018.07.31"]
[Round "4"]
[White "Zajicek, Karel"]
[Black "Knechtel, Roland"]
[Result "0-1"]
[ECO "B19"]
[WhiteElo "1979"]
[BlackElo "2237"]
[Annotator "Koller,Martin"]
[PlyCount "66"]
[TimeControl "240+2"]

{279MB} 1. e4 c6 2. d4 d5 3. Nc3 dxe4 4. Nxe4 Bf5 5. Ng3 Bg6 6. h4 h6 7. Nf3
Nd7 8. h5 Bh7 9. Bd3 Bxd3 10. Qxd3 e6 11. Bd2 Ngf6 12. O-O-O Be7 13. Ne4 Qb6
14. Kb1 c5 15. Be3 O-O 16. Nxf6+ Nxf6 17. Ne5 Rfd8 18. Nxf7 Kxf7 19. Qg6+ Kf8
20. Bxh6 gxh6 21. Qxh6+ Kg8 22. Rh3 cxd4 23. Rg3+ Kf7 24. Qg6+ Kf8 25. h6 d3
26. c4 Qxf2 27. Qg7+ Ke8 28. Qg6+ Kd7 29. Rgxd3+ Kc7 30. h7 Rxd3 31. Rxd3 Qf5
32. Qg3+ e5 33. Kc1 Nxh7 0-1

[Event "International chess holiday M31"]
[Site "?"]
[Date "2018.07.31"]
[Round "4"]
[White "Michalek, Frantisek"]
[Black "Schafer, Sven"]
[Result "1/2-1/2"]
[ECO "B70"]
[WhiteElo "2023"]
[BlackElo "2008"]
[Annotator "Koller,Martin"]
[PlyCount "31"]
[TimeControl "240+2"]

{279MB} 1. e4 c5 2. Nf3 d6 3. d4 cxd4 4. Nxd4 Nf6 5. Nc3 g6 6. Be2 Bg7 7. O-O
O-O 8. Bg5 Nc6 9. Nb3 Be6 10. Kh1 Qd7 11. f4 Bg4 12. Bf3 Bxf3 13. Qxf3 Qg4 14.
Rad1 h6 15. Bxf6 Qxf3 16. Rxf3 1/2-1/2

[Event "International chess holiday M31"]
[Site "?"]
[Date "2018.07.31"]
[Round "4"]
[White "Jayaram, Ramanna"]
[Black "Hartwig, Maik"]
[Result "1/2-1/2"]
[ECO "A42"]
[WhiteElo "1984"]
[BlackElo "2092"]
[Annotator "Koller,Martin"]
[PlyCount "53"]
[TimeControl "240+2"]

{279MB} 1. d4 g6 2. c4 Bg7 3. e4 d6 4. Nc3 Nc6 5. Be3 e5 6. d5 Nce7 7. c5 f5 8.
cxd6 cxd6 9. Bb5+ Bd7 10. Bxd7+ Qxd7 11. f3 Nf6 12. h3 O-O 13. Nge2 f4 14. Bf2
g5 15. Qa4 Qd8 16. Rc1 a6 17. Qb4 b5 18. a4 bxa4 19. Qxa4 h5 20. Ra1 g4 21.
hxg4 hxg4 22. Qa5 Qxa5 23. Rxa5 Rfb8 24. Ra2 g3 25. Bg1 Nd7 26. Na4 Nc8 27.
Nec3 1/2-1/2

[Event "International chess holiday M31"]
[Site "?"]
[Date "2018.07.31"]
[Round "4"]
[White "Gunther, Andreas"]
[Black "Thomasson, Staffan"]
[Result "1-0"]
[ECO "B15"]
[WhiteElo "2138"]
[BlackElo "1868"]
[Annotator "Koller,Martin"]
[PlyCount "53"]
[TimeControl "240+2"]

{279MB} 1. d4 g6 2. e4 Bg7 3. Nc3 c6 4. Be3 d5 5. Qd2 dxe4 6. Nxe4 Nf6 7. Nxf6+
Bxf6 8. O-O-O Qd5 9. Kb1 b5 10. Ne2 Bf5 11. Nf4 Qd6 12. Be2 O-O 13. g4 Bd7 14.
h4 a5 15. h5 Na6 16. f3 Nb4 17. Bd3 Be6 18. hxg6 Bxa2+ 19. Ka1 Nxd3 20. Qh2
Rfd8 21. Qxh7+ Kf8 22. Kxa2 Nb4+ 23. Kb1 fxg6 24. Qxg6 Nd5 25. Ne6+ Qxe6 26.
Bh6+ Bg7 27. Bxg7+ 1-0

[Event "International chess holiday K31"]
[Site "?"]
[Date "2018.07.31"]
[Round "4"]
[White "Hejsek, Lukas"]
[Black "Pokorny, Jan"]
[Result "1/2-1/2"]
[ECO "D11"]
[WhiteElo "1704"]
[BlackElo "1879"]
[Annotator "Koller,Martin"]
[PlyCount "28"]
[TimeControl "240+2"]

{279MB} 1. d4 d5 2. Nf3 Nf6 3. g3 Bf5 4. Bg2 h6 5. O-O e6 6. c4 c6 7. Qb3 b6 8.
Nc3 Be7 9. Ne5 O-O 10. Rd1 a6 11. a4 Nfd7 12. e4 dxe4 13. Nxe4 Nxe5 14. dxe5
Qc7 1/2-1/2

[Event "International chess holiday K31"]
[Site "?"]
[Date "2018.07.31"]
[Round "4"]
[White "Vit, Zdenek"]
[Black "Hapke, Ralf"]
[Result "1/2-1/2"]
[ECO "B01"]
[WhiteElo "1705"]
[BlackElo "1852"]
[Annotator "Koller,Martin"]
[PlyCount "22"]
[TimeControl "240+2"]

{279MB} 1. e4 d5 2. exd5 Nf6 3. d4 Bg4 4. Be2 Bxe2 5. Nxe2 Qxd5 6. O-O Nc6 7.
Nbc3 Qf5 8. Ng3 Qg6 9. Nce2 O-O-O 10. Nf4 Qg4 11. Qxg4+ Nxg4 1/2-1/2

[Event "International chess holiday K31"]
[Site "?"]
[Date "2018.07.31"]
[Round "4"]
[White "Hadzala, Daniel"]
[Black "Spindler, Markus"]
[Result "1-0"]
[ECO "A10"]
[WhiteElo "2104"]
[BlackElo "1973"]
[Annotator "Koller,Martin"]
[PlyCount "77"]
[TimeControl "240+2"]

{279MB} 1. Nf3 f5 2. g3 Nf6 3. Bg2 e6 4. O-O Be7 5. d3 O-O 6. c4 d6 7. Nc3 c6
8. Qc2 Na6 9. a3 Nc7 10. b4 a6 11. Rb1 Bd7 12. e4 e5 13. c5 h6 14. cxd6 Bxd6
15. Na4 Rb8 16. Bb2 Qe8 17. Nb6 g5 18. Nc4 Be7 19. Ncxe5 fxe4 20. dxe4 Be6 21.
Nd4 Bf7 22. Nf5 Be6 23. Nxe7+ Qxe7 24. Ng6 Qf7 25. Nxf8 Rxf8 26. Qc3 Kh7 27.
Qxf6 Qxf6 28. Bxf6 Rxf6 29. f4 gxf4 30. gxf4 Nb5 31. f5 Bc4 32. Rf3 Nd4 33. Re3
Ne2+ 34. Kf2 Nf4 35. Rd1 Rf7 36. Bf1 Bxf1 37. Kxf1 Kg7 38. Rd6 h5 39. Rf3 1-0

[Event "International chess holiday K31"]
[Site "?"]
[Date "2018.07.31"]
[Round "4"]
[White "Nelson, Wayne"]
[Black "Skopec, Lubos"]
[Result "0-1"]
[ECO "D25"]
[WhiteElo "2009"]
[BlackElo "1981"]
[Annotator "Koller,Martin"]
[PlyCount "90"]
[TimeControl "240+2"]

{279MB} 1. d4 d5 2. Nf3 Nf6 3. e3 Bg4 4. c4 dxc4 5. Bxc4 e6 6. Nc3 c6 7. O-O
Nbd7 8. h3 Bh5 9. Bd2 Bd6 10. Re1 O-O 11. e4 e5 12. g4 Bg6 13. dxe5 Bxe5 14.
Nxe5 Nxe5 15. Bf1 Qxd2 16. Re3 Qxd1 17. Rxd1 Rad8 18. Rxd8 Rxd8 19. g5 Nh5 20.
b3 Nf4 21. Ne2 Nxe2+ 22. Bxe2 f6 23. f4 Nd7 24. h4 Re8 25. Bf3 fxg5 26. hxg5
Nc5 27. e5 Bf5 28. Kg2 Rd8 29. b4 Ne6 30. Kg3 Rd4 31. b5 Nxf4 32. bxc6 bxc6 33.
Bxc6 Ne6 34. Ra3 Rd3+ 35. Rxd3 Bxd3 36. Kg4 Kf7 37. Bd5 Ke7 38. a3 Bg6 39. Bc4
Bc2 40. Bd5 Nf8 41. Kf4 Ng6+ 42. Ke3 Nxe5 43. Kd2 Bb1 44. Kc3 Kd6 45. Bg2 Kc5
0-1

[Event "International chess holiday K31"]
[Site "?"]
[Date "2018.07.31"]
[Round "4"]
[White "Koper, Stefan"]
[Black "Reljic, Michal"]
[Result "0-1"]
[ECO "D35"]
[WhiteElo "1830"]
[BlackElo "1866"]
[Annotator "Koller,Martin"]
[PlyCount "102"]
[TimeControl "240+2"]

{279MB} 1. d4 d5 2. c4 e6 3. cxd5 exd5 4. Nc3 Nf6 5. Bg5 Be7 6. e3 c6 7. Nf3
Bf5 8. Ne5 Nbd7 9. Nxd7 Qxd7 10. Bxf6 Bxf6 11. Bd3 O-O 12. O-O g6 13. b4 b5 14.
a4 a6 15. Ra2 Bxd3 16. Qxd3 Be7 17. Qb1 Qd6 18. Rb2 f5 19. g3 g5 20. Qa2 a5 21.
bxa5 Rxa5 22. Qb3 bxa4 23. Nxa4 Rb5 24. Qc2 Rxb2 25. Qxb2 f4 26. exf4 gxf4 27.
Re1 fxg3 28. hxg3 Bf6 29. Qc3 Bg7 30. Nc5 Qf6 31. Re2 Qxd4 32. Qxd4 Bxd4 33.
Ne6 c5 34. Nxf8 Kxf8 35. Kf1 Kf7 36. Rd2 Kf6 37. Ke2 Ke5 38. Rd1 c4 39. Rh1 Bb2
40. Rxh7 Kd4 41. f4 Kc3 42. f5 Kc2 43. Rc7 Bc3 44. Rc5 d4 45. Rxc4 d3+ 46. Ke3
d2 47. Kf4 d1=Q 48. Rxc3+ Kxc3 49. f6 Qd5 50. g4 Kd4 51. g5 Qe4+ 0-1

[Event "International chess holiday M31"]
[Site "?"]
[Date "2018.08.01"]
[Round "5"]
[White "Hentzgen, Thomas"]
[Black "Gunther, Andreas"]
[Result "1/2-1/2"]
[ECO "A83"]
[WhiteElo "2028"]
[BlackElo "2138"]
[Annotator "Koller,Martin"]
[PlyCount "44"]
[TimeControl "240+2"]

{279MB} 1. d4 f5 2. e4 fxe4 3. Nc3 Nf6 4. Bg5 Nc6 5. d5 Ne5 6. Qd4 Nf7 7. h4 c6
8. O-O-O d6 9. Bxf6 gxf6 10. Qxe4 f5 11. Qf3 Bh6+ 12. Kb1 O-O 13. Qh5 cxd5 14.
Nxd5 e6 15. Nc3 Bg7 16. Rh3 Qf6 17. Nf3 Qg6 18. Qxg6 hxg6 19. Ng5 Rd8 20. Nb5
Nxg5 21. hxg5 d5 22. f4 Bd7 1/2-1/2

[Event "International chess holiday M31"]
[Site "?"]
[Date "2018.08.01"]
[Round "5"]
[White "Harwig, Maik"]
[Black "Zajicek, Karel"]
[Result "1-0"]
[ECO "D04"]
[WhiteElo "2092"]
[BlackElo "1979"]
[Annotator "Koller,Martin"]
[PlyCount "59"]
[TimeControl "240+2"]

{279MB} 1. Nf3 Nf6 2. b3 g6 3. Bb2 Bg7 4. e3 O-O 5. d4 d5 6. Nbd2 Nbd7 7. Be2
c5 8. O-O b6 9. Ne5 Nxe5 10. dxe5 Ne4 11. f4 Nxd2 12. Qxd2 e6 13. Bf3 Ba6 14.
Rf2 Rb8 15. g4 Qc7 16. Rg2 Rfd8 17. Qf2 Kf8 18. Rd1 Rd7 19. Qh4 h6 20. f5 Bxe5
21. Qxh6+ Ke7 22. Qg5+ f6 23. Bxe5 Qxe5 24. Qxg6 Qxe3+ 25. Rf2 Rf8 26. c4 d4
27. fxe6 Kxe6 28. Kg2 Bb7 29. Bxb7 Rxb7 30. Rdd2 1-0

[Event "International chess holiday M31"]
[Site "?"]
[Date "2018.08.01"]
[Round "5"]
[White "Schafer, Sven"]
[Black "Jayaram, Ramanna"]
[Result "1/2-1/2"]
[ECO "C54"]
[WhiteElo "2008"]
[BlackElo "1984"]
[Annotator "Koller,Martin"]
[PlyCount "82"]
[TimeControl "240+2"]

{279MB} 1. e4 e5 2. Nf3 Nc6 3. Bc4 Bc5 4. c3 Nf6 5. d3 O-O 6. O-O d6 7. Nbd2
Ne7 8. Re1 Ng6 9. Nf1 h6 10. Ng3 c6 11. b4 Bb6 12. Bb3 d5 13. h3 Be6 14. exd5
Nxd5 15. Bxd5 cxd5 16. Bb2 f6 17. Nh2 f5 18. Nf3 f4 19. Nf1 Bc7 20. Qc2 Bf5 21.
c4 e4 22. dxe4 dxe4 23. Nd4 Qg5 24. Nxf5 Qxf5 25. Qxe4 Qxe4 26. Rxe4 a5 27. a3
Rfd8 28. Re6 Kf7 29. Ree1 Rd3 30. Rad1 Rad8 31. Rxd3 Rxd3 32. Re2 axb4 33. axb4
Rb3 34. b5 Rb4 35. Rc2 Ne5 36. Bxe5 Bxe5 37. Nd2 Ke6 38. Kf1 b6 39. Ke2 Kf5 40.
f3 Bd4 41. Ne4 Ke5 1/2-1/2

[Event "International chess holiday M31"]
[Site "?"]
[Date "2018.08.01"]
[Round "5"]
[White "Thomasson, Staffan"]
[Black "Michalek, Frantisek"]
[Result "1/2-1/2"]
[ECO "A12"]
[WhiteElo "1868"]
[BlackElo "2023"]
[Annotator "Koller,Martin"]
[PlyCount "129"]
[TimeControl "240+2"]

{279MB} 1. Nf3 d5 2. c4 c6 3. b3 Nf6 4. Bb2 g6 5. cxd5 cxd5 6. Bxf6 exf6 7. g3
Bg7 8. Bg2 O-O 9. O-O Nc6 10. d4 Bg4 11. h3 Bxf3 12. Bxf3 Nxd4 13. Nd2 Nxf3+
14. Nxf3 Qd7 15. Kg2 Rac8 16. Qd3 f5 17. Rac1 Rfd8 18. Rfd1 Qe6 19. e3 Rd6 20.
Rxc8+ Qxc8 21. Nd4 Bxd4 22. Qxd4 b6 23. Qf4 Qe6 24. Rd4 Kg7 25. h4 h5 26. Qf3
Qd7 27. Qd1 Qc6 28. Qd2 Re6 29. Kh2 Rd6 30. Qb2 Kg8 31. Qd2 a5 32. Qd1 Qc5 33.
Qd2 Kf8 34. Qd1 Ke7 35. Qd2 Ke6 36. Qd1 b5 37. Kg2 b4 38. Qd2 Rc6 39. Kf3 Qc2
40. Ke2 Qb1 41. Qd1 Rc2+ 42. Kf3 Qxd1+ 43. Rxd1 Rxa2 44. Rb1 Ke5 45. Rd1 f6 46.
Rb1 g5 47. Rd1 g4+ 48. Kg2 Ra3 49. Rb1 d4 50. exd4+ Kxd4 51. Rd1+ Kc3 52. Rd5
Kxb3 53. Rxf5 Kc2 54. Rxh5 b3 55. Rc5+ Kd3 56. h5 Ra4 57. h6 Rb4 58. h7 Rb8 59.
Rb5 Rh8 60. Rxb3+ Kc4 61. Rb7 a4 62. f3 a3 63. Ra7 Kb3 64. Rb7+ Kc2 65. Rc7+
1/2-1/2

[Event "International chess holiday K31"]
[Site "?"]
[Date "2018.08.01"]
[Round "5"]
[White "Hapke, Ralf"]
[Black "Koper, Stefan"]
[Result "1/2-1/2"]
[ECO "B06"]
[WhiteElo "1852"]
[BlackElo "1830"]
[Annotator "Koller,Martin"]
[PlyCount "65"]
[TimeControl "240+2"]

{279MB} 1. e4 g6 2. d4 Bg7 3. Nc3 e6 4. Be3 d5 5. Qd2 Nf6 6. e5 Ng8 7. f4 h5 8.
Nf3 Nh6 9. O-O-O Nc6 10. Bb5 Bd7 11. Bf2 Nf5 12. g3 a6 13. Bd3 b5 14. h3 b4 15.
Ne2 Qb8 16. g4 Nfe7 17. Kb1 Na5 18. b3 Qb6 19. Nh4 Nac6 20. Ng3 a5 21. f5 gxf5
22. gxf5 Bh6 23. Qe1 Bg5 24. fxe6 Bxe6 25. Nhf5 h4 26. Ng7+ Kd7 27. N3f5 a4 28.
Rg1 axb3 29. cxb3 Bh6 30. Nxh6 Rxh6 31. Nxe6 fxe6 32. Rg7 Rhh8 33. Rd2 1/2-1/2